 Dungeon Crawl Stone Soup version 0.31-a0-361-g0f8bd3a31e (webtiles) character file.

Game seed: 6603272541244671262

360 AdnanSaban the Covered (level 6, -4/38 HPs)
             Began as a Gargoyle Fighter on July 27, 2023.
             Slain by an orc wizard
             ... wielding a +2 dagger of venom
              (5 damage)
             ... on level 3 of the Dungeon.
             The game lasted 00:02:28 (1879 turns).

AdnanSaban the Covered (Gargoyle Fighter)           Turns: 1879, Time: 00:02:29

Health: -4/38      AC: 11    Str: 22    XL:     6   Next: 65%
Magic:  6/6        EV:  9    Int:  8    God:
Gold:   105        SH:  4    Dex:  9    Spells: 5/5 levels left

rFire   . . .        w - +0 flail (drain)
rCold   . . .        c - +0 buckler
rNeg    + . .        b - +0 scale mail
rPois   ∞            (no helmet)
rElec   +            (no cloak)
rCorr   .            (no gloves)
SInv    .            (no boots)
Will    .....        (no amulet) Stlth
                     (no ring)
HPRegen 0.26/turn    (no ring)
MPRegen 0.10/turn

%: no passive effects
@: no status effects
A: sickness immunity, AC +4, negative energy resistance 1, electricity
resistance, torment resistance 1, petrification resistance
a: no special abilities


You were on level 3 of the Dungeon.
You visited 1 branch of the dungeon, and saw 3 of its levels.
You also visited: Sewer.

You collected 105 gold pieces.

Inventory:

Hand Weapons
 n - a +0 morningstar
 w - a +0 flail of draining (weapon)
Missiles
 j - 2 poisoned darts
Armour
 b - a +0 scale mail (worn)
 c - a +0 buckler (worn)
Jewellery
 g - an amulet of magic regeneration
Scrolls
 f - a scroll of butterflies {unknown}
 h - 2 scrolls of identify {unknown}
 i - a scroll of poison {unknown}
 p - a scroll of revelation {unknown}
 q - a scroll of teleportation {unknown}
 r - a scroll of enchant weapon {unknown}
 s - a scroll of fear {unknown}
Potions
 d - 3 potions of might
 e - 2 potions of curing {unknown}
 k - a potion of berserk rage {unknown}
 l - a potion of lignification {unknown}
 m - a potion of invisibility {unknown}
 o - a potion of cancellation {unknown}
 t - a potion of brilliance {unknown}
 u - a potion of heal wounds {unknown}
 v - a potion of mutation {unknown}


   Skills:
 + Level 4.2 Fighting
 + Level 4.4 Maces & Flails
 + Level 4.9 Armour
 + Level 1.2 Dodging
 + Level 4.2 Shields


You had 5 spell levels left.
You didn't know any spells.
Your spell library contained the following spells:

 Spells                   Type           Power      Damage    Failure   Level
 Freeze                   Ice            0%         1d3       78%         1
 Ensorcelled Hibernation  Hex/Ice        0%         N/A       89%         2
 Passwall                 Tmut/Erth      0%         N/A       89%         2
 Frozen Ramparts          Ice            0%         1d1       98%         3
 Hailstorm                Conj/Ice       0%         3d3       98%         3
 Swiftness                Air            0%         N/A       98%         3


Dungeon Overview and Level Annotations

Branches:
Dungeon (3/15)              Sewer (visited)

Altars:


Innate Abilities, Weirdness & Mutations

You are immune to sickness and miasma.
Your stone body is resilient. (AC +4)
You are immune to poison.
You resist negative energy. (rN+)
You are resistant to electric shocks. (rElec)
You are resistant to unholy torment.
You are immune to petrification.


Message History

You are too injured to fight recklessly!
You are too injured to fight recklessly!
You are too injured to fight recklessly!
You are too injured to fight recklessly!
You are too injured to fight recklessly!
You are too injured to fight recklessly!
You are too injured to fight recklessly!
You are too injured to fight recklessly!
You are too injured to fight recklessly!
You are too injured to fight recklessly!
Unknown command.
You hit the orc.
You kill the orc!
You hear a splash.
You hear some strange, mumbled words.
Something tries to affect you, but you resist.
You enter the shallow water.
Moving in this stuff is going to be slow.
You hear some strange, mumbled words.
Something tries to affect you, but you resist.
Things that are here:
a +0 flail of draining; an orc corpse You sense an unholy aura.
w - a +0 flail of draining (weapon)
You drop a +0 flail.
You hear a splash.
You hear some strange, mumbled words.
A magic dart appears from out of thin air!
The magic dart hits you. Something hits you.
You hear a splashing noise.
You see here a +0 hand axe.
Your unstable footing causes you to fumble your attack.
Something hits you.
* * * LOW HITPOINT WARNING * * *
You hear some strange, mumbled words.
A puff of flame appears from out of thin air!
The puff of flame hits you!
* * * LOW HITPOINT WARNING * * *
Something hits you but does no damage. Something hits you.
You die...

# . #. ##
#!######..###.
#.#.#~~~~#......
#.#.#~~§~#.)#
###.#.#~)@{#.##
.....#~†~)# #
.......◎#~~~~#
#.##.##.#÷####.#
#.##.##...†o.o.#
###.##.#.....##.##
. .............#
#..##.........#.#
.......#...####...


There were no monsters in sight!

Vanquished Creatures
  Sigmund (D:3)
  Pargi (Sewer)
  An adder (D:2)
  2 river rats (D:3)
  A dart slug (D:2)
  3 orcs (D:3)
  6 bats
  7 endoplasms
  3 giant cockroaches
  6 goblins
  5 hobgoblins
  4 jackals (D:2)
  2 kobolds
  3 quokkas
  8 ball pythons
  8 frilled lizards
  11 rats
72 creatures vanquished.

Notes
Turn   | Place    | Note
-------+----------+-------------------------------------------
     0 | D:1      | AdnanSaban the Gargoyle Fighter began the quest for the
                  | Orb.
     0 | D:1      | Reached XP level 1. HP: 14/14 MP: 1/1
   144 | D:1      | Reached XP level 2. HP: 15/19 MP: 2/2
   274 | D:1      | Found a faded altar of an unknown god.
   373 | D:1      | Reached XP level 3. HP: 24/24 MP: 3/3
  1057 | D:2      | Reached XP level 4. HP: 29/29 MP: 4/4
  1380 | D:3      | Noticed Sigmund
  1455 | D:3      | Killed Sigmund
  1456 | D:3      | Reached skill level 1 in Dodging
  1456 | D:3      | Reached XP level 5. HP: 33/33 MP: 5/5
  1456 | D:3      | Reached XP level 6. HP: 38/38 MP: 6/6
  1470 | D:3      | Found a glowing drain.
  1496 | Sewer    | Entered a sewer
  1613 | Sewer    | Noticed Pargi
  1646 | Sewer    | Killed Pargi
  1878 | D:3      | HP: 1/38 [something/puff of flame (7)]
  1879 | D:3      | Slain by an orc wizard

Illustrated notes

Levels and vault maps discovered:
D:1:      eino_arrival_cavern_b, layout_basic,
          ebering_ecumenical_altar_abandoned
D:2:      layout_loops_ring, serial_glass, glass_columns_c, glass_columns_a,
          amcnicky_mini_corridor_feature
D:3:      layout_loops_ring, mainiacjoe_overflow_six_doors_small,
          portal_sewer_entry_c, fountainhead, uniq_sigmund

Skill      XL: |  1  2  3  4 |
---------------+-------------+-----
Fighting       | 4 |  4.2
Maces & Flails | 4 |  4.4
Armour         | 4 |  4.9
Dodging        | 1 |  1.2
Shields        | 4 |  4.2

Action                     |  1- 3 |  4- 6 || total
---------------------------+-------+-------++-------
  Melee: Flail             |   150 |   107 ||   257
 Armour: Scale mail        |    79 |   125 ||   204
  Dodge: Dodged            |    67 |    76 ||   143
  Block: Buckler           |    35 |    42 ||    77

Table legend: (Time is in decaauts)
 A = Elapsed time spent in this place.
 B = Non-inter-level travel time spent in this place.
 C = Inter-level travel time spent in this place.
 D = Time resting spent in this place.
 E = Time spent auto-exploring this place.
 F = Levels seen in this place.
 G = Mean time per level.
                   A        B        C        D        E       F      G
               +--------+--------+--------+--------+--------+-----+--------+
         Total |   1994 |   1950 |     44 |    116 |   1270 |   4 |  498.5 |
       Dungeon |   1588 |   1544 |     44 |     54 |   1037 |   3 |  529.3 |
         Sewer |    406 |    406 |      0 |     62 |    232 |   1 |  406.0 |
               +--------+--------+--------+--------+--------+-----+--------+

Top non-repeatable levels by time:
     D:1: 749 daAuts
     D:2: 740 daAuts
   Sewer: 406 daAuts
     D:3: 97 daAuts
